 Dungeon Crawl Stone Soup version 0.29-a0-721-g7f417c9bbb (webtiles) character file.

Game seed: 14825412575903828838

7 dolemite99 the Trooper (level 2, -3/26 HPs)
             Began as a Hill Orc Fighter on June 27, 2022.
             Slain by a gnoll
             ... wielding a +0 club
              (7 damage)
             ... on level 1 of the Dungeon.
             The game lasted 00:00:22 (115 turns).

dolemite99 the Trooper (Hill Orc Fighter)            Turns: 115, Time: 00:00:23

Health: -3/26      AC:  6    Str: 18    XL:     2   Next: 0%
Magic:  2/2        EV:  9    Int:  8    God:
Gold:   14         SH:  4    Dex: 10    Spells: 1/1 levels left

rFire   . . .      SeeInvis .   a - +0 war axe
rCold   . . .      Faith    .   c - +0 buckler
rNeg    . . .      Spirit   .   b - +0 scale mail
rPois   .          Reflect  .   (no helmet)
rElec   .          Harm     .   (no cloak)
rCorr   .          Rampage  .   (no gloves)
Will    .....                   (no boots)
Stlth   ..........              (no amulet)
HPRegen 0.08/turn               (no ring)
MPRegen 0.08/turn               (no ring)

@: mighty
A: no striking features
a: no special abilities


You were on level 1 of the Dungeon.
You visited 1 branch of the dungeon, and saw 1 of its levels.

You collected 14 gold pieces.

Inventory:

Hand Weapons
 a - a +0 war axe (weapon)
Armour
 b - a +0 scale mail (worn)
 c - a +0 buckler (worn)


   Skills:
 - Level 3.6 Fighting
 + Level 3.6 Axes
 - Level 3.2 Armour
 - Level 3.2 Shields


You had one spell level left.
You didn't know any spells.
Your spell library was empty.

Dungeon Overview and Level Annotations

Branches:
Dungeon (1/15)

Altars:


Message History

Found a scale mail.
No target in view!
You see here a +0 scale mail.
Key pressed, stopping explore.
No target in view!
No target in view!
Found a stone staircase leading down.
An endoplasm, a gnoll, a quokka and a hobgoblin come into view.
The endoplasm quivers.
The hobgoblin shouts!
A frilled lizard comes into view.
The frilled lizard hisses angrily.
You block the endoplasm's attack.
You slash the endoplasm!
You kill the endoplasm!
You hit the hobgoblin.
The hobgoblin hits you but does no damage.
The hobgoblin hits you.
You hit the hobgoblin.
The hobgoblin is almost dead.
You miss the quokka.
The quokka bites you but does no damage.
The quokka closely misses you. The hobgoblin misses you.
You barely miss the hobgoblin.
The hobgoblin is almost dead.
You barely miss the quokka. The quokka bites you. The hobgoblin hits you.
The quokka misses you.
You slash the quokka!
You kill the quokka!
You barely miss the hobgoblin. You hit the gnoll.
The gnoll hits you with a +0 club.
The hobgoblin hits you but does no damage.
The gnoll hits you with a +0 club.
* * * LOW HITPOINT WARNING * * *
The hobgoblin hits you but does no damage.
The frilled lizard misses you.
You have reached level 2!
You feel very mighty all of a sudden. The gnoll hits you with a +0 club!
You die...

# .# ..# ###.### ###.......
#......... #.gg......
.######.@l......
........##############
#♣#♣#..#######.#####........#
##.♣.##..## #..[...........#
#P#<#P# ..# #######........#
##P.P## #.# #........#
#P♣.♣P# #.## ######........#
#♣...♣#
#..#####...>.........#
#.....#
#....##..####........#


You could see a gnoll, a hobgoblin and a frilled lizard.

Vanquished Creatures
  A dart slug (D:1)
  An endoplasm (D:1)
  2 quokkas (D:1)
4 creatures vanquished.

Notes
Turn   | Place    | Note
-------+----------+-------------------------------------------
     0 | D:1      | dolemite99 the Hill Orc Fighter began the quest for the
                  | Orb.
     0 | D:1      | Reached XP level 1. HP: 19/19 MP: 1/1
   115 | D:1      | Reached XP level 2. HP: 4/26 MP: 2/2
   115 | D:1      | Slain by a gnoll

Illustrated notes

Levels and vault maps discovered:
D:1:      tarquinn_simple_flora_water_d, layout_rooms,
          shapermc_ecumenical_altar_venn

Skill      XL: |  1 |
---------------+----+-----
Axes           | 3 |  3.6
Fighting       | |  3.6
Armour         | |  3.2
Shields        | |  3.2

Action                   || total
-------------------------++-------
Melee: War axe           ||    11
  Use: Potion            ||     1
Armor: Scale mail        ||     7
Dodge: Dodged            ||     4
Block: Buckler           ||     2

Table legend: (Time is in decaauts)
 A = Elapsed time spent in this place.
 B = Non-inter-level travel time spent in this place.
 C = Inter-level travel time spent in this place.
 D = Time resting spent in this place.
 E = Time spent auto-exploring this place.
 F = Levels seen in this place.
 G = Mean time per level.
                   A        B        C        D        E       F      G
               +--------+--------+--------+--------+--------+-----+--------+
         Total |    119 |    119 |      0 |     22 |     60 |   1 |  119.0 |
       Dungeon |    119 |    119 |      0 |     22 |     60 |   1 |  119.0 |
               +--------+--------+--------+--------+--------+-----+--------+

Top non-repeatable levels by time:
     D:1: 119 daAuts
